 Dungeon Crawl Stone Soup version 0.21.0-3-g78d12a8 (webtiles) character file.

7 tidbits the Sneak (level 2, 13/18 HPs)
             Began as an Octopode Wanderer on Jan 9, 2018.
             Quit the game on level 1 of the Dungeon.
             The game lasted 00:00:49 (71 turns).

tidbits the Sneak (Octopode Wanderer)                 Turns: 71, Time: 00:00:50

Health: 13/18      AC:  1    Str: 11    XL:     2   Next: 4%
Magic:  2/2        EV: 13    Int: 14    God:
Gold:   0          SH:  0    Dex: 11    Spells: 1/1 levels left

rFire    . . .     SeeInvis .   a - +2 dagger
rCold    . . .     Gourm    .   (no shield)
rNeg     . . .     Faith    .   (helmet restricted)
rPois    .         Spirit   .   (no amulet)
rElec    .         Reflect  .   (no ring)
rCorr    .         Harm     .   (no ring)
MR       .....                  (no ring)
Stlth    +++.......             (no ring)
HPRegen  0.06/turn              (no ring)
MPRegen  0.08/turn              (no ring)
                                (no ring)
                                (no ring)

@: no status effects
A: almost no armour, stealthy swim, amphibious, 8 rings, constrict 8, camouflage
1, gelatinous body 1
a: no special abilities


You were on level 1 of the Dungeon.
You were not hungry.

You visited 1 branch of the dungeon, and saw 1 of its levels.

Inventory:

Hand Weapons
 a - a +2 dagger (weapon)
 c - a +0 falchion
Potions
 b - a potion of haste
 d - a potion of curing
Comestibles
 f - a ration


   Skills:
 + Level 1.4 Fighting
 - Level 2.0 Long Blades
 - Level 2.0 Dodging
 + Level 4.3 Stealth
   Level 1.0 Shields
   Level 1.1 Evocations


You had one spell level left.
You didn't know any spells.

Dungeon Overview and Level Annotations

Branches:
Dungeon (1/15)

Altars:


Innate Abilities, Weirdness & Mutations

You cannot wear most types of armour.
You are very stealthy in the water. (Stealth+)
You are amphibious.
You can wear up to eight rings at the same time.
You can use your tentacles to constrict eight enemies at once.
Your skin changes colour to match your surroundings (Stealth+).
Your rubbery body absorbs attacks. (AC +1, EV +1)


Message History

Welcome, tidbits the Octopode Wanderer.
Will you be the one to retrieve the fabulous Orb of Zot from the depths?
Press ? for a list of commands and other information.
Found a staircase leading out of the dungeon.
You open the door.
There is an open door here.
You open the door.
A giant cockroach and a goblin come into view.
There is an open door here.
You hit the giant cockroach but do no damage.
You grab the giant cockroach. You constrict the giant cockroach.
The giant cockroach bites you.
The goblin shouts!
You hit the giant cockroach but do no damage.
The giant cockroach is heavily wounded.
You constrict the giant cockroach.
You hear a shout!
The giant cockroach barely misses you.
You hit the giant cockroach.
You kill the giant cockroach!
The goblin barely misses you.
You hit the goblin. Your grab misses the goblin.
Your squeeze misses the goblin.
The goblin is severely wounded.
The goblin closely misses you.
A kobold comes into view. It is wielding a club.
You hit the goblin.
You kill the goblin!
A bat comes into view.
A bat comes into view.
You see here a club.
The bat barely misses you. The kobold hits you with a club. The bat misses you.
The bat barely misses you. The bat hits you but does no damage.
You barely miss the bat. Your grab misses the bat. The bat hits you.
The bat misses you. The kobold barely misses you.
A rat comes into view.
You hit the kobold but do no damage. You grab the kobold.
You squeeze the kobold, but do no damage.
You constrict the kobold. You hit the kobold.
The kobold is heavily wounded.
You constrict the kobold, but do no damage.
The kobold hits you but does no damage.
You hit the kobold.
You kill the kobold!
The bat hits you. The bat closely misses you.
Things that are here:
a club; a kobold corpse The bat misses you.
The rat bites you.
You closely miss the rat. Your grab misses the rat.
The bat hits you but does no damage. The bat closely misses you.
The rat completely misses you.
You hit the rat. You grab the rat. You squeeze the rat.
You kill the rat!
The bat hits you but does no damage. The bat closely misses you.
You hit the bat. Your grab misses the bat.
The bat is moderately wounded.
The bat closely misses you. The bat misses you. The bat closely misses you.
You hit the bat.
You kill the bat!
The bat barely misses you.
You hit the bat.
You kill the bat!
No target in view!
No target in view!
No target in view!
A bat comes into view.
A bat comes into view.
The helpless bat fails to defend itself.
You puncture the bat!
You kill the bat!
You have reached level 2!
The helpless bat fails to defend itself.
You puncture the bat!
You kill the bat!
No target in view!
A rat comes into view.
Found 15 stones.
Found a scroll labeled CADDAI IGUOXT.
A jackal comes into view.
Found a stone staircase leading down.
Are you sure you want to abandon this character and quit the game? (Confirm with "yes".)

#..h..... #.......
......( ..... .!..##
#. #.r..# ...#
#..#.###.
#....##@.....?.
.........#.###.
...####..# #...#
#..## #
######..###.#
............#
########......#####.
#......##..#........


You could see a jackal (sleeping) and a rat.

Vanquished Creatures
  A giant cockroach (D:1)
  A goblin (D:1)
  A kobold (D:1)
  4 bats (D:1)
  A rat (D:1)
8 creatures vanquished.

Notes
Turn   | Place    | Note
-------+----------+-------------------------------------------
     0 | D:1      | tidbits the Octopode Wanderer began the quest for the Orb.
     0 | D:1      | tidbits set off with: a +2 dagger, a potion of haste, a +0 falchion, a potion of curing, a ration
     0 | D:1      | Reached XP level 1. HP: 13/13 MP: 1/1
    59 | D:1      | Reached XP level 2. HP: 12/18 MP: 2/2
    71 | D:1      | Quit the game

Action                   || total
-------------------------++-------
Melee: Dagger            ||    16
       Constrict         ||     3
       Tentacles         ||     2
 Stab: Sleeping          ||     2
Armor: Skin              ||     3
Dodge: Dodged            ||    17

Table legend:
 A = Turns spent in this place as a percentage of turns spent in the entire game.
 B = Non-inter-level travel turns spent in this place as a percentage of non-inter-level travel turns spent in the entire game.
 C = Inter-level travel turns spent in this place as a percentage of turns spent in this place.
 D = Turns resting spent in this place as a percentage of non-inter-level travel turns spent in this place.
 E = Turns spent auto-exploring this place as a percentage of non-inter-level travel turns spent in this place.
 F = Non-inter-level travel turns spent in this place divided by the number of levels of this place that you've seen.
                   A       B       C       D       E      F
               +-------+-------+-------+-------+-------+----------------------
         Total | 100.0 | 100.0 |   0.0 |   0.0 |  32.4 |  71.0
       Dungeon | 100.0 | 100.0 |   0.0 |   0.0 |  32.4 |  71.0
               +-------+-------+-------+-------+-------+----------------------

Table legend:
 A = Kills in this place as a percentage of kills in entire the game.
 B = Kills by you in this place as a percentage of kills by you in the entire game.
 C = Kills by friends in this place as a percentage of kills by friends in the entire game.
 D = Other kills in this place as a percentage of other kills in the entire game.
 E = Experience gained in this place as a percentage of experience gained in the entire game.
 F = Experience gained in this place divided by the number of levels of this place that you have seen.
                   A       B       C       D       E      F
               +-------+-------+-------+-------+-------+----------------------
         Total | 100.0 | 100.0 |   N/A |   N/A | 100.0 |  11.0
       Dungeon | 100.0 | 100.0 |   N/A |   N/A | 100.0 |  11.0
               +-------+-------+-------+-------+-------+----------------------

Vault maps used:
D:1:      ncdulo_smallfort, supply_closet_lemuel, minmay_cupped
